 Dungeon Crawl Stone Soup version 0.27-a0-1548-gf8a67e7463 (webtiles) character file.

Game seed: 3043735954847821157

63 Lemonice the Covert (level 4, -1/41 HPs)
             Began as a Gnoll Delver on July 14, 2021.
             Shot with an arrow by a centaur (7 damage)
             ... on level 6 of the Dungeon.
             The game lasted 00:00:25 (341 turns).

Lemonice the Covert (Gnoll Delver)                   Turns: 341, Time: 00:00:25

Health: -1/41      AC:  3    Str: 12    XL:     4   Next: 9%
Magic:  5/5        EV: 13    Int: 10    God:
Gold:   22         SH:  0    Dex: 13    Spells: 5/5 levels left

rFire    . . .     SeeInvis .   a - +0 falchion
rCold    . . .     Faith    .   (no shield)
rNeg     . . .     Spirit   .   b - +0 leather armour
rPois    .         Reflect  .   (no helmet)
rElec    .         Harm     .   (no cloak)
rCorr    .         Rampage  .   (no gloves)
Will     .....                  (no boots)
Stlth    ++++......             (no amulet)
HPRegen  0.13/turn              (no ring)
MPRegen  0.09/turn              (no ring)

@: no status effects
A: fangs 1, strong nose, distributed training
a: no special abilities


You were on level 6 of the Dungeon.
You visited 1 branch of the dungeon, and saw 2 of its levels.

You collected 22 gold pieces.

Inventory:

Hand Weapons
 a - a +0 falchion (weapon)
Armour
 b - a +0 leather armour (worn)
Wands
 g - a wand of digging (3)
 h - a wand of flame (18)
 i - a wand of polymorph (6)
Scrolls
 c - a scroll of fog
 d - a scroll of identify {unknown}
 e - a scroll of fear
Potions
 f - a potion of haste


   Skills:
 + Level 6.6 Fighting
 + Level 1.0 Short Blades
 + Level 4.6 Long Blades
 + Level 1.0 Axes
 + Level 1.0 Maces & Flails
 + Level 1.0 Polearms
 + Level 1.0 Staves
 + Level 1.0 Slings
 + Level 1.0 Bows
 + Level 1.0 Crossbows
 + Level 1.0 Throwing
 + Level 1.0 Armour
 + Level 4.6 Dodging
 + Level 9.6 Stealth
 + Level 1.0 Shields
 + Level 1.0 Unarmed Combat
 + Level 1.0 Spellcasting
 + Level 0.8 Conjurations
 + Level 0.8 Hexes
 + Level 0.8 Summonings
 + Level 0.8 Necromancy
 + Level 0.8 Translocations
 + Level 0.8 Transmutations
 + Level 0.8 Fire Magic
 + Level 0.8 Ice Magic
 + Level 0.8 Air Magic
 + Level 0.8 Earth Magic
 + Level 0.8 Poison Magic
 + Level 1.1 Invocations
 + Level 1.0 Evocations


You had 5 spell levels left.
You didn't know any spells.
Your spell library contained the following spells:

 Spells                   Type           Power      Damage    Failure   Level
 Animate Skeleton         Necr           4%         N/A       30%         1
 Apportation              Tloc           4%         N/A       30%         1
 Corona                   Hex            2%         N/A       30%         1
 Summon Small Mammal      Summ           8%         N/A       30%         1


Dungeon Overview and Level Annotations

Branches:
Dungeon (6/15)
 Temple: D:4-7

Altars:


Innate Abilities, Weirdness & Mutations

You have very sharp teeth.
Your uncanny sense of smell can sniff out nearby items.
Your experience applies equally to all skills.


Message History

You have reached level 2!
You have reached level 3!
Your experience leads to an increase in your attributes!
Increase (S)trength, (I)ntelligence, or (D)exterity?
You feel stronger.
You have reached level 4!
You feel clever.
You hear the slow rusting of a very distant drain.
Magic restored.
You hear the slow rusting of a very distant drain.
You hear the slow rusting of a very distant drain.
You hear the slow rusting of a very distant drain.
You hear the slow rusting of a very distant drain.
HP restored.
You now have 22 gold pieces (gained 9).
Found a scroll labelled ESCHEKHAJUB.
Found a bronze wand.
Found a glowing ivory wand.
d - a scroll labelled ESCHEKHAJUB
Found a stone staircase leading down.
h - a wand of flame (18)
Found a scroll labelled REZXEU QISUDD.
i - a wand of polymorph (6)
You hear the rusting of a very distant drain.
Found a book of Cantrips.
Found 19 bolts.
You pick up a book of Cantrips and begin reading...
You add the spells Corona, Animate Skeleton, Summon Small Mammal and Apportation to your library.
You see here 19 bolts.
Found a stone staircase leading up.
A centaur comes into view.
The centaur wields a +2 shortbow of freezing.
It is covered in frost.
The centaur shoots an arrow.
The arrow hits you! The arrow freezes you.
The centaur shoots an arrow.
The arrow hits you!
* * * LOW HITPOINT WARNING * * *
The arrow freezes you.
* * * LOW HITPOINT WARNING * * *
The centaur shoots an arrow.
The arrow hits you!
You die...

.######.# #.......#
..#####.# #.#####.#
#.#.....######.# #.#
#..............#####.#####
##........#.#............#
#.............#####.##.##
##.......#.#..#..# ....
#......# .#### #......# #.


You could see a centaur.

Vanquished Creatures
  A bullfrog (D:6)
1 creature vanquished.

Notes
Turn   | Place    | Note
-------+----------+-------------------------------------------
     0 | D:5      | Reached skill level 9 in Stealth
     0 | D:5      | Lemonice the Gnoll Delver began the quest for the Orb.
     0 | D:5      | Reached XP level 1. HP: 23/23 MP: 1/1
     9 | D:6      | Noticed a bullfrog
    19 | D:6      | Killed a bullfrog
    20 | D:6      | Reached skill level 1 in Short Blades
    20 | D:6      | Reached skill level 1 in Axes
    20 | D:6      | Reached skill level 1 in Maces & Flails
    20 | D:6      | Reached skill level 1 in Polearms
    20 | D:6      | Reached skill level 1 in Staves
    20 | D:6      | Reached skill level 1 in Slings
    20 | D:6      | Reached skill level 1 in Bows
    20 | D:6      | Reached skill level 1 in Crossbows
    20 | D:6      | Reached skill level 1 in Throwing
    20 | D:6      | Reached skill level 1 in Armour
    20 | D:6      | Reached skill level 1 in Shields
    20 | D:6      | Reached skill level 1 in Unarmed Combat
    20 | D:6      | Reached skill level 1 in Spellcasting
    20 | D:6      | Reached skill level 1 in Invocations
    20 | D:6      | Reached skill level 1 in Evocations
    20 | D:6      | Reached XP level 2. HP: 6/29 MP: 1/3
    20 | D:6      | Reached XP level 3. HP: 8/35 MP: 1/4
    20 | D:6      | Reached XP level 4. HP: 9/41 MP: 1/5
   340 | D:6      | Noticed a centaur
   341 | D:6      | Shot with an arrow by a centaur

Illustrated notes

Levels and vault maps discovered:
D:5:      layout_cave_pools, minmay_bent, uniq_crazy_yiuf_cottage
D:6:      layout_basic, gammafunk_temple_overflow_claw, serial_glass,
          glass_columns_a, glass_columns_a, gup_sewer_entry_bubbles

Skill      XL: |  1 |
---------------+----+-----
Stealth        | |  9.6
Short Blades   | 1 |  1.0
Axes           | 1 |  1.0
Maces & Flails | 1 |  1.0
Polearms       | 1 |  1.0
Staves         | 1 |  1.0
Slings         | 1 |  1.0
Bows           | 1 |  1.0
Crossbows      | 1 |  1.0
Throwing       | 1 |  1.0
Armour         | 1 |  1.0
Shields        | 1 |  1.0
Unarmed Combat | 1 |  1.0
Spellcasting   | 1 |  1.0
Invocations    | 1 |  1.1
Evocations     | 1 |  1.0
Fighting       | |  6.6
Long Blades    | |  4.6
Dodging        | |  4.6
Conjurations   | |  0.8
Hexes          | |  0.8
Summonings     | |  0.8
Necromancy     | |  0.8
Translocations | |  0.8
Transmutations | |  0.8
Fire Magic     | |  0.8
Ice Magic      | |  0.8
Air Magic      | |  0.8
Earth Magic    | |  0.8
Poison Magic   | |  0.8

Action                   |  1- 3 |  4- 6 || total
-------------------------+-------+-------++-------
Melee: Falchion          |     6 |       ||     6
       Bite              |     1 |       ||     1
  Use: Scroll            |     1 |       ||     1
Armor: Leather armour    |     2 |       ||     2
Dodge: Dodged            |     3 |       ||     3
       Rpst.: Falchion   |     1 |       ||     1

Table legend: (Time is in decaauts)
 A = Elapsed time spent in this place.
 B = Non-inter-level travel time spent in this place.
 C = Inter-level travel time spent in this place.
 D = Time resting spent in this place.
 E = Time spent auto-exploring this place.
 F = Levels seen in this place.
 G = Mean time per level.
                   A        B        C        D        E       F      G
               +--------+--------+--------+--------+--------+-----+--------+
         Total |    340 |    340 |      0 |      0 |    287 |   2 |  170.0 |
       Dungeon |    340 |    340 |      0 |      0 |    287 |   2 |  170.0 |
               +--------+--------+--------+--------+--------+-----+--------+

Top non-repeatable levels by time:
     D:6: 337 daAuts
     D:5: 3 daAuts
